Construct Section Command Post
Selects Heavy Armor Battlegroup
Construct Platoon Command Post
6-pounder Anti-tank Gun Team
Selects Rigorous Vehicle Training
Selects Forward Repair Assembly
6-pounder Anti-tank Gun Team
Selects Engineer Detachments
Selects Forward Repair Assembly
Selects Light Vehicle Withdraw and Refit
Light Vehicle Withdraw and Refit
Construct Company Command Post
Selects Engineer Detachments
Selects Rigorous Vehicle Training
Selects Forward Repair Assembly
Selects UNKNOWN (2162094)
Selects UNKNOWN (2162094)
Construct Field Infirmary
Unlock Towed 17-pounder Anti-tank Guns
17-pounder Anti-tank Gun Team